Map: Abyssal Reef LE

Players

Marre - Winner!

  • Race: Protoss Protoss
  • League: Diamond
  • Spawn Location: 5:00

A.I. 1 (Very Easy)

  • Race: Protoss Protoss
  • Spawn Location: 11:00

VOD

Have the link to the VOD?

Description

Time

  • Played on: Jan. 20, 2018, 7:51 a.m.
  • Length: 5:58
Show
View Real Time Build Order
Export as new Build Order

Marre Protoss - Winner!

Build Orders: 1 Gate Expand 

Get SALT Encoding   

  12  0:00  Probe  
  13  0:13  Probe  
  14  0:17  Pylon  
  14  0:25  Probe  
  15  0:37  Probe  
  15  0:38  Gateway  
  16  0:49  Probe  
  17  1:10  Nexus  
  17  1:14  Probe  
  18  1:24  Cybernetics Core  
  18  1:26  Probe  
  19  1:33  Assimilator  
  19  1:35  Assimilator  
  19  1:42  Probe (Chrono Boost)  
  19  1:45  Pylon  
  20  1:52  Probe (Chrono Boost)  
  21  1:57  Probe (Chrono Boost)  
  22  2:03  Zealot  
  22  2:05  Warp Gate (Chrono Boost)  
  24  2:09  Probe  
  25  2:21  Probe  
  26  2:22  Forge  
  26  2:24  Probe  
  27  2:33  Probe  
  27  2:36  Probe  
  29  2:40  Twilight Council  
  29  2:45  Probe  
  29  2:48  Probe  
  31  2:52  Pylon  
  31  2:57  Protoss Ground Weapons Level 1 (Chrono Boost), Probe  
  32  3:02  Probe  
  33  3:11  Robotics Facility  
  33  3:14  Probe  
  33  3:19  Charge (Chrono Boost)  
  34  3:25  Zealot  
  36  3:32  Pylon  
  36  3:34  Gateway  
  36  3:39  Gateway  
  36  3:45  Gateway  
  36  3:58  Warp Prism  
  38  4:05  Pylon  
  38  4:09  Gateway, Pylon  
  38  4:12  Zealot  
  38  4:16  Gateway  
  40  4:26  Gateway  
  40  4:30  Gateway  
  40  4:35  Zealot  
  42  4:41  Zealot x3  
  48  4:47  Gateway  
  48  4:59  Zealot  
  50  5:06  Zealot x4  
  58  5:23  Zealot x2  
  58  5:27  Zealot x3  
  58  5:28  Zealot x2  
  72  5:33  Zealot  
  74  5:43  Pylon  
  74  5:46  Zealot, Pylon  
  74  5:47  Pylon  
  74  5:49  Pylon  
  76  5:53  Zealot  
Show
View Real Time Build Order
Export as new Build Order

A.I. 1 (Very Easy) Protoss 

Build Orders:  

Get SALT Encoding   

  12  0:00  Probe  
  13  0:13  Probe  
  14  0:19  Pylon  
  14  0:36  Assimilator  
  14  0:42  Gateway  
  14  0:45  Pylon  
  14  1:14  Assimilator  
  14  1:20  Probe  
  15  1:32  Cybernetics Core, Probe  
  16  1:45  Probe  
  17  1:57  Probe  
  18  2:08  Warp Gate  
  18  2:09  Probe  
  18  2:10  Stalker  
  21  2:21  Probe  
  22  5:18  Zealot  
  22  5:19  Probe  
  25  5:22  Pylon  
  25  5:25  Robotics Facility  
  22  5:32  Probe  
  15  5:44  Probe  
  15  5:47  Stalker  
Tags
 
League
Diamond
Matchup
PvP
Spawn Locations
Cross Positions
Add a new tag
Caveats
  • Supply blocks, unpowered buildings, or Contaminate may cause inaccurate times.
  • Supply counts are checked every 10 seconds.